3AA
SAN ANTONIO BC @ ATHLETIC CLUB KC ACADEMY
08/08/2038
 
TOP OF THE 1ST
San Antonio BC batting - Pitching for Athletic Club KC Academy : LHP Sam Johnston
Pitching: LHP Sam Johnston
Batting: RHB Alfonso Torres 0-0: Foul Ball, location: 2F
0-1: Ball
1-1: Ball
2-1: Ball
3-1: Base on Balls
Batting: RHB Kamakakoa Kaponianani 0-0: Ball
1-0: SINGLE (Flyball, 78S, EV 95.0 MPH)
Alfonso Torres to second
Batting: LHB Jesús Hernández 0-0: Ball
Alfonso Torres steals 3rd base
Kamakakoa Kaponianani to second
1-0: Swinging Strike
1-1: Called Strike
1-2: Strikes out swinging
Batting: RHB Rutland Stones 0-0: Ball
1-0: Ball
2-0: Foul Ball, location: 2F
2-1: Ball
3-1: Fly out, F9 (Line Drive, 9D, EV 89.4 MPH)
Runner from 3rd tags up, OUT at HOME! 9-2
Top of the 1st over - 0 runs, 1 hit, 0 errors, 1 left on base; San Antonio 0 - Athletic Club KC Academy 0
BOTTOM OF THE 1ST
Athletic Club KC Academy batting - Pitching for San Antonio BC : RHP Jackson Williams
Pitching: RHP Jackson Williams
Batting: RHB Gabriel Martínez 0-0: Fly out, F7 (Line Drive, 7D, EV 88.1 MPH)
Batting: RHB Ali Ben Bongo 0-0: Fly out, F8 (Flyball, 8LM, EV 88.8 MPH)
Batting: RHB Donald Guegan 0-0: Ball
1-0: SOLO HOME RUN (Flyball, 7D, EV 104.4 MPH), Distance : 382 ft
Batting: LHB Oriol Fernández 0-0: Swinging Strike
0-1: Foul Ball, location: 2F
0-2: Ball
1-2: Foul Ball, location: 2F
1-2: Foul Ball, location: 2F
1-2: Ball
2-2: Strikes out swinging
Bottom of the 1st over - 1 run, 1 hit, 0 errors, 0 left on base; San Antonio 0 - Athletic Club KC Academy 1
TOP OF THE 2ND
San Antonio BC batting - Pitching for Athletic Club KC Academy : LHP Sam Johnston
Batting: RHB De-wei Mo 0-0: Ball
1-0: Ball
2-0: Ball
3-0: Called Strike
3-1: Foul Ball, location: 2F
3-2: Foul Ball, location: 2F
3-2: Fly out, F8 (Flyball, 78D, EV 105.0 MPH)
Batting: LHB Armando Viña 0-0: Ball
1-0: Called Strike
1-1: Ball
2-1: Foul Ball, location: 2F
2-2: Ball
3-2: Strikes out looking
Batting: RHB Francisco Ortíz 0-0: Foul Ball, location: 2F
0-1: Ball
1-1: Ball
2-1: Fly out, F6 (Popup, 6D, EV 61.2 MPH)
Top of the 2nd over - 0 runs, 0 hits, 0 errors, 0 left on base; San Antonio 0 - Athletic Club KC Academy 1
BOTTOM OF THE 2ND
Athletic Club KC Academy batting - Pitching for San Antonio BC : RHP Jackson Williams
Batting: LHB León Guillén 0-0: Ball
1-0: Called Strike
1-1: Ground out 6-3 (Groundball, 6M, EV 86.9 MPH)
Batting: RHB Woody Thomas 0-0: Ball
1-0: Ball
2-0: Ball
3-0: Base on Balls
Batting: RHB Andy Roarick 0-0: Ball
1-0: Ball
2-0: Grounds into double play, 4-6-3 (Groundball, 4M, EV 106.2 MPH)
Bottom of the 2nd over - 0 runs, 0 hits, 0 errors, 0 left on base; San Antonio 0 - Athletic Club KC Academy 1
TOP OF THE 3RD
San Antonio BC batting - Pitching for Athletic Club KC Academy : LHP Sam Johnston
Batting: RHB Guo Chen 0-0: Foul Ball, location: 2F
0-1: Foul Ball, location: 2F
0-2: Ball
1-2: Fly out, F8 (Flyball, 8LS, EV 90.6 MPH)
Batting: RHB Jiao-long Xú 0-0: Ball
1-0: Called Strike
1-1: Foul Ball, location: 2F
1-2: Foul Ball, location: 2F
1-2: Ground out 1-3 (Groundball, 34S, EV 85.0 MPH)
Batting: RHB Alfonso Torres 0-0: Called Strike
0-1: Ball
1-1: SINGLE (Flyball, 78S, EV 95.0 MPH)
Batting: RHB Kamakakoa Kaponianani 0-0: Ball
1-0: Ball
2-0: Ball
3-0: Called Strike
3-1: Called Strike
3-2: Strikes out swinging
Top of the 3rd over - 0 runs, 1 hit, 0 errors, 1 left on base; San Antonio 0 - Athletic Club KC Academy 1
BOTTOM OF THE 3RD
Athletic Club KC Academy batting - Pitching for San Antonio BC : RHP Jackson Williams
Batting: RHB Rodrigo Sousa 0-0: Swinging Strike
0-1: Ball
1-1: Called Strike
1-2: Hit by Pitch
Batting: RHB Jorge Ávila 0-0: Called Strike
0-1: Ball
1-1: Foul Ball, location: 2F
1-2: Fly out, F7 (Line Drive, 7, EV 88.1 MPH)
Batting: RHB Gabriel Martínez 0-0: Grounds into double play, 4-6-3 (Groundball, 4M, EV 100.6 MPH)
Bottom of the 3rd over - 0 runs, 0 hits, 0 errors, 0 left on base; San Antonio 0 - Athletic Club KC Academy 1
TOP OF THE 4TH
San Antonio BC batting - Pitching for Athletic Club KC Academy : LHP Sam Johnston
Batting: LHB Jesús Hernández 0-0: Ball
1-0: Called Strike
1-1: Fly out, F7 (Flyball, 7S, EV 81.2 MPH)
Batting: RHB Rutland Stones 0-0: Ball
1-0: Swinging Strike
1-1: Foul Ball, location: 2F
1-2: Hit by Pitch
Batting: RHB De-wei Mo 0-0: Called Strike
0-1: Ball
1-1: Foul Ball, location: 2F
1-2: Fly out, F9 (Line Drive, 9D, EV 88.8 MPH)
Batting: LHB Armando Viña 0-0: Ball
1-0: Called Strike
1-1: Ball
2-1: Ball
3-1: Foul Ball, location: 2F
3-2: Fly out, F8 (Flyball, 78D, EV 97.5 MPH)
Top of the 4th over - 0 runs, 0 hits, 0 errors, 1 left on base; San Antonio 0 - Athletic Club KC Academy 1
BOTTOM OF THE 4TH
Athletic Club KC Academy batting - Pitching for San Antonio BC : RHP Jackson Williams
Batting: RHB Ali Ben Bongo 0-0: Ball
1-0: Swinging Strike
1-1: Foul Ball, location: 2F
1-2: Ball
2-2: Foul Ball, location: 2F
2-2: Ball
3-2: Fly out, F9 (Flyball, 9, EV 91.9 MPH)
Batting: RHB Donald Guegan 0-0: Ball
1-0: Foul Ball, location: 2F
1-1: Foul Ball, location: 2F
1-2: Ball
2-2: Fly out, F9 (Flyball, 89D, EV 107.5 MPH)
Batting: LHB Oriol Fernández 0-0: Called Strike
0-1: Ball
1-1: Ball
2-1: Ball
3-1: Called Strike
3-2: Base on Balls
Batting: LHB León Guillén 0-0: Ball
1-0: Swinging Strike
1-1: DOUBLE (Flyball, 78D, EV 108.1 MPH)
Oriol Fernández to third
Batting: RHB Woody Thomas 0-0: Ball
1-0: Called Strike
1-1: SINGLE (Groundball, 6MD, EV 104.4 MPH)
Oriol Fernández scores
León Guillén to third
Runner from 3rd tries for Home, SAFE, no throw by CF
Batting: RHB Andy Roarick 0-0: Foul Ball, location: 2F
0-1: Ball
1-1: Ball
2-1: Ball
3-1: Ground out 5-3 (Groundball, 56S, EV 84.4 MPH)
Bottom of the 4th over - 2 runs, 2 hits, 0 errors, 1 left on base; San Antonio 0 - Athletic Club KC Academy 3
TOP OF THE 5TH
San Antonio BC batting - Pitching for Athletic Club KC Academy : LHP Sam Johnston
Batting: RHB Francisco Ortíz 0-0: Ground out 2-3 (Groundball, 15S, EV 74.4 MPH)
Batting: RHB Guo Chen 0-0: Swinging Strike
0-1: Foul Ball, location: 2F
0-2: Reached on error, E4 (Groundball, 4M, EV 91.2 MPH)
Batting: RHB Jiao-long Xú 0-0: Called Strike
0-1: Ball
1-1: Ground out 5-3 (Groundball, 56, EV 95.0 MPH)
Batting: RHB Alfonso Torres 0-0: Ball
1-0: Ball
2-0: Ball
3-0: Called Strike
3-1: Foul Ball, location: 2F
3-2: Fly out, F9 (Line Drive, 9S, EV 105.0 MPH)
Top of the 5th over - 0 runs, 0 hits, 1 error, 1 left on base; San Antonio 0 - Athletic Club KC Academy 3
BOTTOM OF THE 5TH
Athletic Club KC Academy batting - Pitching for San Antonio BC : RHP Jackson Williams
Batting: RHB Rodrigo Sousa 0-0: Fly out, F5 (Popup, 5SF, EV 77.5 MPH)
Batting: RHB Jorge Ávila 0-0: Ball
1-0: Foul Ball, location: 2F
1-1: Foul Ball, location: 2F
1-2: Ball
2-2: Ball
3-2: Foul Ball, location: 2F
3-2: Foul Ball, location: 2F
3-2: Strikes out swinging
Batting: RHB Gabriel Martínez 0-0: Ball
1-0: Foul Ball, location: 2F
1-1: Foul Ball, location: 2F
1-2: Strikes out swinging
Bottom of the 5th over - 0 runs, 0 hits, 0 errors, 0 left on base; San Antonio 0 - Athletic Club KC Academy 3
TOP OF THE 6TH
San Antonio BC batting - Pitching for Athletic Club KC Academy : LHP Sam Johnston
Batting: RHB Kamakakoa Kaponianani 0-0: Ball
1-0: Fly out, F9 (Flyball, 9S, EV 90.0 MPH)
Batting: LHB Jesús Hernández 0-0: Fly out, F8 (Flyball, 8RS, EV 90.6 MPH)
Batting: RHB Rutland Stones 0-0: Fly out, F9 (Flyball, 9, EV 86.9 MPH)
Top of the 6th over - 0 runs, 0 hits, 0 errors, 0 left on base; San Antonio 0 - Athletic Club KC Academy 3
BOTTOM OF THE 6TH
Athletic Club KC Academy batting - Pitching for San Antonio BC : RHP Jackson Williams
Batting: RHB Ali Ben Bongo 0-0: Foul Ball, location: 2F
0-1: Ball
1-1: Foul Ball, location: 2F
1-2: SINGLE (Groundball, 56, EV 106.2 MPH) (infield hit)
Batting: RHB Donald Guegan 0-0: Fielders Choice at 2nd, 4-6 (Groundball, 4, EV 82.5 MPH)
Batting: LHB Oriol Fernández 0-0: Called Strike
0-1: Foul Ball, location: 2F
0-2: Ball
1-2: Ball
2-2: Foul Ball, location: 2F
2-2: Ball
3-2: SINGLE (Groundball, 6MD, EV 100.0 MPH)
Donald Guegan to second
Donald Guegan to third
Batting: LHB León Guillén 0-0: Foul Ball, location: 2F
0-1: Ball
1-1: Ball
2-1: Ground out 4-3 (Groundball, 34D, EV 105.6 MPH)
Donald Guegan scores
Oriol Fernández to second
Batting: RHB Woody Thomas 0-0: Foul Ball, location: 2F
0-1: Ball
1-1: Ball
2-1: Ball
3-1: Base on Balls
Batting: RHB Andy Roarick 0-0: Fly out, F8 (Flyball, 89M, EV 90.6 MPH)
Bottom of the 6th over - 1 run, 2 hits, 0 errors, 2 left on base; San Antonio 0 - Athletic Club KC Academy 4
TOP OF THE 7TH
San Antonio BC batting - Pitching for Athletic Club KC Academy : LHP Sam Johnston
Batting: RHB De-wei Mo 0-0: Ball
1-0: Foul Ball, location: 2F
1-1: Called Strike
1-2: TRIPLE (Groundball, 5L, EV 105.0 MPH)
Batting: LHB Armando Viña 0-0: Called Strike
0-1: Ball
1-1: Ground out 6-3 (Groundball, 6, EV 108.1 MPH)
De-wei Mo scores
Batting: RHB Francisco Ortíz 0-0: Ball
1-0: Called Strike
1-1: Fly out, F7 (Flyball, 7LM, EV 85.0 MPH)
Batting: RHB Guo Chen 0-0: Ball
1-0: Fly out, F9 (Flyball, 9LMF, EV 76.2 MPH)
Top of the 7th over - 1 run, 1 hit, 0 errors, 0 left on base; San Antonio 1 - Athletic Club KC Academy 4
BOTTOM OF THE 7TH
Athletic Club KC Academy batting - Pitching for San Antonio BC : RHP Jackson Williams
Batting: RHB Rodrigo Sousa 0-0: Called Strike
0-1: Swinging Strike
0-2: SINGLE (Groundball, 6MD, EV 101.2 MPH)
Pitching: RHP Ben Lieske
Batting: RHB Jorge Ávila 0-0: Called Strike
0-1: Bunt - Flyout to 13S! F1
Batting: RHB Gabriel Martínez 0-0: Called Strike
0-1: Ball
1-1: Called Strike
1-2: Foul Ball, location: 2F
1-2: Ball
2-2: Fielders Choice at 2nd, 4-6 (Groundball, 4, EV 83.8 MPH)
Batting: RHB Ali Ben Bongo 0-0: Foul Ball, location: 2F
0-1: Fielders Choice at 2nd, U4 (Groundball, 4M, EV 107.5 MPH)
Bottom of the 7th over - 0 runs, 1 hit, 0 errors, 1 left on base; San Antonio 1 - Athletic Club KC Academy 4
TOP OF THE 8TH
San Antonio BC batting - Pitching for Athletic Club KC Academy : LHP Sam Johnston
Batting: RHB Jiao-long Xú 0-0: Ball
1-0: Called Strike
1-1: Called Strike
1-2: Strikes out swinging
Batting: RHB Alfonso Torres 0-0: Called Strike
0-1: Swinging Strike
0-2: Ball
1-2: Ball
2-2: Strikes out swinging
Batting: RHB Kamakakoa Kaponianani 0-0: Called Strike
0-1: Fly out, F8 (Line Drive, 8LM, EV 106.2 MPH)
Top of the 8th over - 0 runs, 0 hits, 0 errors, 0 left on base; San Antonio 1 - Athletic Club KC Academy 4
BOTTOM OF THE 8TH
Athletic Club KC Academy batting - Pitching for San Antonio BC : RHP Ben Lieske
Batting: RHB Donald Guegan 0-0: Called Strike
0-1: Ball
1-1: SINGLE (Flyball, 89S, EV 95.6 MPH)
Batting: LHB Oriol Fernández 0-0: Ball
1-0: SINGLE (Groundball, 34D, EV 104.4 MPH)
Donald Guegan to second
Runner from 2nd tries for 3rd, SAFE, no throw by RF
Batting: LHB León Guillén 0-0: Hit by Pitch
Oriol Fernández to second
Batting: RHB Woody Thomas 0-0: Ball
1-0: Called Strike
1-1: Swinging Strike
1-2: Ball
2-2: Ball
3-2: Foul Ball, location: 2F
3-2: Foul Ball, location: 2F
3-2: Foul Ball, location: 2F
3-2: Base on Balls
Donald Guegan scores
Oriol Fernández to third
León Guillén to second
Batting: RHB Andy Roarick 0-0: Swinging Strike
0-1: Called Strike
0-2: Ball
1-2: Strikes out looking
Batting: RHB Rodrigo Sousa 0-0: Called Strike
0-1: Ball
1-1: SINGLE (Groundball, 6MD, EV 95.6 MPH)
Oriol Fernández scores
León Guillén to third
Woody Thomas to second
Pitching: RHP Shadi Zafar
Batting: RHB Jorge Ávila 0-0: Ball
1-0: Ball
2-0: Called Strike
2-1: Swinging Strike
2-2: Strikes out looking
Batting: RHB Gabriel Martínez 0-0: Called Strike
0-1: Ball
1-1: Ball
2-1: Ball
Wild Pitch!
León Guillén scores
Woody Thomas to third
Rodrigo Sousa to second
3-1: Fly out, F8 (Line Drive, 8LD, EV 96.2 MPH)
Bottom of the 8th over - 3 runs, 3 hits, 0 errors, 2 left on base; San Antonio 1 - Athletic Club KC Academy 7
TOP OF THE 9TH
San Antonio BC batting - Pitching for Athletic Club KC Academy : LHP Sam Johnston
Batting: LHB Jesús Hernández 0-0: Ball
1-0: Ball
2-0: Called Strike
2-1: Ball
3-1: Base on Balls
Pitching: LHP Justin Wright
Batting: RHB Rutland Stones 0-0: Ball
1-0: Fly out, F9 (Flyball, 89XD, EV 84.4 MPH)
Batting: RHB De-wei Mo 0-0: Ball
1-0: Foul Ball, location: 2F
1-1: Foul Ball, location: 2F
1-2: Strikes out swinging
Batting: LHB Armando Viña 0-0: Ball
1-0: SINGLE (Groundball, 34D, EV 96.2 MPH)
Jesús Hernández to second
Batting: RHB Francisco Ortíz 0-0: Ball
1-0: Called Strike
1-1: Ball
2-1: Swinging Strike
2-2: Strikes out looking
Top of the 9th over - 0 runs, 1 hit, 0 errors, 2 left on base; San Antonio 1 - Athletic Club KC Academy 7
Friday, April 17th, 2020 - OOTP Baseball 20.8 Build 74